 Dungeon Crawl Stone Soup version 0.20-a0-1122-gb7cbeb9 (webtiles) character file.

459 RumaTero the Skirmisher (level 7, -2/76 HPs)
             Began as an Ogre Berserker on May 14, 2017.
             Was a Priest of Trog.
             Killed from afar by an orc wizard (7 damage)
             ... with a magic dart
             ... on level 5 of the Dungeon.
             The game lasted 00:09:14 (4114 turns).

RumaTero the Skirmisher (Ogre Berserker)            Turns: 4114, Time: 00:09:14

Health: -2/76      AC:  3    Str: 24    XL:     7   Next: 6%
Magic:  7/7        EV: 10    Int:  8    God:    Trog [***...]
Gold:   210        SH:  0    Dex:  8    Spells: 6/6 levels left

rFire    . . .     SeeInvis .   C - +0 flail
rCold    . . .     Gourm    .   (no shield)
rNeg     . . .     Faith    .   b - +0 animal skin
rPois    .         Spirit   .   z - +0 hat
rElec    .         Reflect  .   (no cloak)
rCorr    .         Harm     .   (gloves unavailable)
MR       ++...                  (boots unavailable)
Stlth    +.........             (no amulet)
Regen    1.3/turn               (no ring)
MPRegen  0.1/turn               (no ring)

@: regenerating, slowed, very slow
A: unfitting armour, tough skin 1
a: Berserk, Trog's Hand, Burn Spellbooks, Renounce Religion


You were on level 5 of the Dungeon.
You worshipped Trog.
Trog was most pleased with you.
You were not hungry.

You visited 1 branch of the dungeon, and saw 5 of its levels.

You collected 210 gold pieces.

Inventory:

Hand Weapons
 a - a +0 mace
 C - a +0 flail (weapon)
Missiles
 u - 5 javelins (quivered)
Armour
 b - a +0 animal skin (worn)
 z - a +0 hat (worn)
Jewellery
 n - an uncursed ring of flight {unknown}
 x - an uncursed ring of see invisible {unknown}
Wands
 y - a wand of digging (14/24)
Scrolls
 d - 2 scrolls of enchant weapon {unknown}
 g - 4 scrolls of identify {unknown}
 j - 6 scrolls of remove curse {unknown}
 k - a scroll of fear {unknown}
 p - a scroll of amnesia {unknown}
 t - a scroll of random uselessness {unknown}
 v - 3 scrolls of immolation {unknown}
 w - 3 scrolls of teleportation {unknown}
Potions
 e - 2 potions of degeneration {unknown}
 f - 2 potions of cancellation {unknown}
 h - a potion of might {unknown}
 i - a potion of lignification {unknown}
 m - 5 potions of curing {unknown}
 o - a potion of agility {unknown}
 r - a potion of heal wounds {unknown}
 s - a potion of magic {unknown}
 B - a potion of flight {unknown}
Comestibles
 c - 2 bread rations
 l - 3 royal jellies
 q - 3 meat rations
 A - 2 chunks of flesh


   Skills:
 + Level 6.6 Fighting
 * Level 5.8 Maces & Flails
 - Level 3.0 Dodging


You had 6 spell levels left.
You didn't know any spells.

Dungeon Overview and Level Annotations

Branches:
Dungeon (5/15)
 Temple: D:4-7

Altars:
Hepliaklqana
Kikubaaqudgha
Makhleb


Innate Abilities, Weirdness & Mutations

You are too large for most types of armour.
You have tough skin. (AC +1)


Message History

The orc wizard gestures at you while chanting.
You easily resist.
You closely miss the orc wizard.
The orc wizard is heavily wounded.
The orc wizard hits you with a dagger.
* * * LOW HITPOINT WARNING * * *
The orc wizard hits you with a dagger.
* * * LOW HITPOINT WARNING * * *
The orc wizard hits you with a dagger.
* * * LOW HITPOINT WARNING * * *
Your skin crawls.
You feel resistant to hostile enchantments.
You feel somewhat more hungry. The orc wizard hits you with a dagger.
* * * LOW HITPOINT WARNING * * *
The orc wizard closely misses you.
You closely miss the orc wizard.
The orc wizard is heavily wounded.
The orc wizard casts a spell at you. The magic dart hits you!
You die...

#........# #........#
#........########
##........#.......
......)...).......
#........#.......
..........#....$c. ..
#########o######## #. #.....@)#
#. #. #.####### #.###. #.
########.##.#.. .....
#.##...........#.############.##.
#.##...........#.......#.......#.
...............#.......#.####..#.
......##...............#.# ##.#.
......##.................# #...
.....[##.........######### #...


You could see an orc wizard.

Vanquished Creatures
  A centaur (D:5)
  A bullfrog skeleton (D:4)
  5 orc priests
  A hound (D:4)
  An orc wizard (D:4)
  A worker ant (D:5)
  3 adders (D:2)
  A worm (D:2)
  A dart slug (D:4)
  4 leopard geckos
  10 orcs
  A giant cockroach (D:4)
  7 goblins
  5 hobgoblins
  9 jackals
  5 quokkas
  2 ball pythons (D:1)
  3 bats
  6 frilled lizards
  12 kobolds
  10 rats
89 creatures vanquished.

Notes
Turn   | Place    | Note
-------+----------+-------------------------------------------
     0 | D:1      | RumaTero the Ogre Berserker began the quest for the Orb.
     0 | D:1      | Reached XP level 1. HP: 24/24 MP: 1/1
   315 | D:1      | Reached XP level 2. HP: 32/32 MP: 2/2
   737 | D:1      | Reached XP level 3. HP: 16/40 MP: 3/3
  1258 | D:2      | Found a burning altar of Makhleb.
  1290 | D:2      | Reached ** piety under Trog
  1363 | D:2      | Found an ancient bone altar of Kikubaaqudgha.
  1369 | D:2      | Reached XP level 4. HP: 44/49 MP: 4/4
  2551 | D:3      | Reached skill level 5 in Fighting
  2877 | D:4      | Reached XP level 5. HP: 20/57 MP: 5/5
  3271 | D:4      | Reached XP level 6. HP: 67/67 MP: 6/6
  3344 | D:4      | Found a hazy altar of Hepliaklqana.
  3358 | D:4      | Reached skill level 5 in Maces & Flails
  3684 | D:4      | Reached *** piety under Trog
  3688 | D:5      | Entered Level 5 of the Dungeon
  3688 | D:5      | Noticed a two-headed ogre
  3744 | D:5      | Reached skill level 6 in Fighting
  4097 | D:5      | Reached XP level 7. HP: 7/76 MP: 7/7
  4114 | D:5      | Killed from afar by an orc wizard

Vault maps used:
D:1:      dpeg_arrival_renting, minmay_ruptured
D:2:      kiku_gazebo_pond_becter, overflow_temple_1_default, first_bread,
          kennysheep_generic_room_3
D:3:      corexii_shack_village
D:4:      old_standard_altar

Skill      XL: |  1  2  3  4  5  6 |
---------------+-------------------+-----
Maces & Flails | 3 4 5 |  5.8
Dodging        | 3 |  3.0
Fighting       | 5 6 |  6.6

Action                   |  1- 3 |  4- 6 |  7- 9 || total
-------------------------+-------+-------+-------++-------
Melee: Mace              |   116 |   145 |       ||   261
       Flail             |       |    39 |    10 ||    49
Invok: Berserk           |     1 |     5 |       ||     6
       Trog's Hand       |       |     2 |     1 ||     3
  Eat: Chunk             |     2 |     4 |     2 ||     8
       Bread ration      |       |     2 |       ||     2
Armor: Animal skin       |    40 |    42 |     7 ||    89
Dodge: Dodged            |    74 |    82 |     3 ||   159
